 Dungeon Crawl Stone Soup version 0.29-a0-243-g602b31c20e (webtiles) character file.

Game seed: 1556536196513091495

71 Anon1729 the Sneak (level 3, 0/30 HPs)
             Began as a Demigod Brigand on Mar 4, 2022.
             Slain by a gnoll
             ... wielding a +0 flail
              (10 damage)
             ... on level 2 of the Dungeon.
             The game lasted 00:03:51 (2121 turns).

Anon1729 the Sneak (Demigod Brigand)                Turns: 2121, Time: 00:03:51

Health: 0/30       AC: 10    Str: 12    XL:     3   Next: 79%
Magic:  5/5        EV:  9    Int: 13    God:
Gold:   82         SH:  0    Dex: 19    Spells: 2/2 levels left

rFire   . . .      SeeInvis +   a - +2 dagger
rCold   + . .      Faith    .   (no shield)
rNeg    . . .      Spirit   .   p - +2 scale mail {rC+}
rPois   .          Reflect  .   (no helmet)
rElec   .          Harm     .   c - +0 cloak
rCorr   .          Rampage  .   f - +0 pair of gloves
Will    .....                   (no boots)
Stlth   ++........              (no amulet)
HPRegen 0.10/turn               n - ring of see invisible
MPRegen 0.09/turn               (no ring)

@: no status effects
A: high MP 1, forlorn, divine attributes
a: no special abilities


You were on level 2 of the Dungeon.
You visited 1 branch of the dungeon, and saw 3 of its levels.

You collected 82 gold pieces.

Inventory:

Hand Weapons
 a - a +2 dagger (weapon)
Missiles
 d - 12 poisoned darts (quivered)
 e - 2 curare-tipped darts
Armour
 b - a +0 robe
 c - a +0 cloak (worn)
 f - a +0 pair of gloves (worn)
 p - a +2 scale mail of cold resistance (worn)
Jewellery
 n - a ring of see invisible (left hand)
Scrolls
 g - 2 scrolls of teleportation {unknown}
 h - a scroll of enchant armour {unknown}
 j - 3 scrolls of enchant weapon {unknown}
Potions
 i - a potion of ambrosia {unknown}
 k - 2 potions of attraction {unknown}
 l - a potion of heal wounds {unknown}
 m - a potion of berserk rage {unknown}
 o - a potion of resistance {unknown}


   Skills:
 + Level 2.4 Fighting
 - Level 1.7(2.1) Short Blades
 + Level 1.5(2.0) Long Blades
 - Level 1.7 Throwing
 + Level 1.8 Dodging
 + Level 4.1 Stealth


You had 2 spell levels left.
You didn't know any spells.
Your spell library contained the following spells:

 Spells                   Type           Power      Damage    Failure   Level
 Leda's Liquefaction      Hex/Erth       0%         N/A       100%        4
 Lee's Rapid Deconstruct  Erth           0%         3d5*      100%        5
 Statue Form              Tmut/Erth      0%         N/A       100%        6


Dungeon Overview and Level Annotations

Branches:
Dungeon (3/15)


Innate Abilities, Weirdness & Mutations

You have an increased reservoir of magic. (+10% MP)
You shall have no god before yourself.
Your divine heritage dramatically boosts your attributes as you level up.


Message History

There is an open door here.
There is a stone staircase leading up here.
The gnoll barely misses you.
You climb upwards.
There is a stone staircase leading down, spattered with blood here.
Things that are here:
a +0 leather armour; a +0 club; an orc skeleton You climb downwards.
The gnoll hits you from afar with a +0 spear.
The gnoll hits you with a +0 flail. The gnoll barely misses you.
There is a stone staircase leading up, spattered with blood here.
The gnoll hits you with a +0 flail.
The gnoll hits you from afar with a +0 spear.
* * * LOW HITPOINT WARNING * * *
You climb upwards.
There is a stone staircase leading down, spattered with blood here.
Things that are here:
a +0 leather armour; a +0 club; an orc skeleton
Things that are here:
a +0 club; a +0 whip
There is a stone staircase leading up here.
You barely miss the gnoll. The gnoll closely misses you.
You hit the gnoll.
The gnoll is lightly wounded.
The gnoll closely misses you.
You hit the gnoll but do no damage.
The gnoll is lightly wounded.
The gnoll hits you but does no damage.
You closely miss the gnoll.
The gnoll is lightly wounded.
The gnoll barely misses you.
You hit the gnoll but do no damage.
The gnoll is lightly wounded.
You barely miss the gnoll.
The gnoll is lightly wounded.
The gnoll hits you but does no damage.
You hit the gnoll.
The gnoll is moderately wounded.
The gnoll hits you with a +0 flail!
You die...

####.###............#
#.........#########.#
#.##[####.# ####.#
#.##.# #.# #)[..#
#.##.# #.# #>####
#....# ##.######)##
###..# #..........# #
#..###...#####g.# #
#........#
#@.############### #
#.####...#
#................# #
#)# #...#
#.##############.#
###.####...# #.# #.#
......##...#####.##
#.#
..................#
#.#
###.#.............#
#.# #.#...#..######.#
#.# ###.....#..#
##.## ####.#


You could see a gnoll.

Vanquished Creatures
  2 gnolls (D:3)
  2 worms (D:2)
  A dart slug (D:1)
  6 orcs (D:2)
  3 ball pythons
  A bat (D:2)
  An endoplasm (D:2)
  3 giant cockroaches
  7 goblins
  3 jackals (D:3)
  2 kobolds (D:2)
  3 frilled lizards
  A rat (D:1)
35 creatures vanquished.

Vanquished Creatures (others)
  A plant (D:1)
1 creature vanquished.

Grand Total: 36 creatures vanquished

Notes
Turn   | Place    | Note
-------+----------+-------------------------------------------
     0 | D:1      | Anon1729 the Demigod Brigand began the quest for the Orb.
     0 | D:1      | Reached XP level 1. HP: 17/17 MP: 3/3
   138 | D:1      | Reached skill level 1 in Dodging
   536 | D:2      | Reached XP level 2. HP: 12/24 MP: 4/4
   990 | D:2      | Reached skill level 1 in Long Blades
  1353 | D:2      | Reached XP level 3. HP: 18/29 MP: 5/5
  1723 | D:2      | Reached skill level 4 in Stealth
  2121 | D:2      | Slain by a gnoll

Illustrated notes

Levels and vault maps discovered:
D:1:      dpeg_arrival_solitude, layout_rooms,
          shapermc_ecumenical_altar_mp_ritualfount,
          chequers_serial_rivers_room_b, dreamdust_princess_corridor
D:2:      layout_loops_ring, basic_altar
D:3:      kennysheep_six_static_rooms, layout_basic

Skill      XL: |  1  2  3 |
---------------+----------+-----
Dodging        | 1 |  1.8
Fighting       | 2 |  2.4
Long Blades    | 1 |  1.5
Stealth        | 4 |  4.1
Short Blades   | |  1.7
Throwing       | |  1.7

Action                   || total
-------------------------++-------
Melee: Dagger            ||   177
       Punch             ||     2
 Stab: Sleeping          ||     3
Armor: Robe              ||    33
       Scale mail        ||    45
Dodge: Dodged            ||   141

Table legend: (Time is in decaauts)
 A = Elapsed time spent in this place.
 B = Non-inter-level travel time spent in this place.
 C = Inter-level travel time spent in this place.
 D = Time resting spent in this place.
 E = Time spent auto-exploring this place.
 F = Levels seen in this place.
 G = Mean time per level.
                   A        B        C        D        E       F      G
               +--------+--------+--------+--------+--------+-----+--------+
         Total |   2095 |   2052 |     43 |    273 |   1230 |   3 |  698.3 |
       Dungeon |   2095 |   2052 |     43 |    273 |   1230 |   3 |  698.3 |
               +--------+--------+--------+--------+--------+-----+--------+

Top non-repeatable levels by time:
     D:2: 1385 daAuts
     D:1: 494 daAuts
     D:3: 214 daAuts
